cohdb
Replays
Latest Replays
All Replays
Popular Replays
Top Player Replays
Match Explorer
How It Works
Community
CoH3 Stats
Reddit
Sign in to upload your games and track your stats! →
Sign in with Steam
Match 47128450
Unlisted
Match 47128450
Overview
Messages
Build Orders
End
Construct Barracks
Riflemen Squad
M1 Mortar Team
Riflemen Squad
Air Support Center
Engineer Squad
Air Supply
Construct Medical Station
Grasshopper Recon Run
P-47 Dive Bomb
P-47 Strafing Run
Selects Heavy Weapons
Selects Assault Carriers
Construct Weapon Support Center
Selects Exchangeable Parts
M3 Assault Carrier
P-47 Strafing Run
Double Sortie
Grasshopper Recon Run
Bazooka Squad
Improved M9 Bazooka Rockets
Bazooka Squad
Grasshopper Recon Run
M1918 Browning Automatic Rifles
P-47 Strafing Run
P-47 Dive Bomb
M3 Assault Carrier
Grasshopper Recon Run
Improved Aircraft Armor
Grasshopper Recon Run
P-47 Dive Bomb
M3 Assault Carrier
Grasshopper Recon Run
P-47 Dive Bomb
Selects Towed M5 3-inch Anti-tank Gun
Towed M5 3-inch Anti-tank Gun
Grasshopper Recon Run
P-47 Dive Bomb
P-47 Strafing Run
M1919 Machine Gun Team
Selects M2HB .50cal Heavy Machine Gun
Selects Gallant Stand
Selects Bolstered Team Weapons
Boneless
drinu019
BrainlesS
LotDExile
0
0
Comments
sign in to comment!
No comments posted yet!